 Dungeon Sprint DCSS version 0.31.0-32-g396128a36d (webtiles) character file.

Game seed: 2109570913984203383

479 Heoruswealwe the Spear-Bearer (level 6, -12/64 HPs)
             Began as a Minotaur Fighter on Apr 4, 2024.
             Was an Initiate of Gozag.
             Mangled by a two-headed ogre
             ... wielding a +0 giant club
              (21 damage)
             ... in the Dungeon (Sprint IX: "|||||||||||||||||||||||||||||").
             The game lasted 00:01:05 (120 turns).

Heoruswealwe the Spear-Bearer (Minotaur Fighter)     Turns: 120, Time: 00:01:05

Health: -12/64     AC:  8    Str: 22    XL:     6   Next: 86%
Magic:  5/5        EV:  9    Int:  5    God:    Gozag
Gold:   0          SH:  4    Dex: 10    Spells: 5/5 levels left

rFire   . . .        a - +0 trident
rCold   . . .        d - +0 buckler
rNeg    . . .        c - +0 scale mail
rPois   .            (helmet restricted)
rElec   .            (no cloak)
rCorr   .            (no gloves)
SInv    .            (no boots)
Will    .....        (no amulet) Stlth
                     (no ring)
HPRegen 0.30/turn    (no ring)
MPRegen 0.09/turn

%: no teleportation
@: gold aura
A: horns 2, retaliatory headbutt
a: Renounce Religion, Potion Petition, Call Merchant, Bribe Branch


You were in the Dungeon.
You worshipped Gozag.
Gozag was noncommittal.
You visited 1 branch

Inventory:

Hand Weapons
 a - a +0 trident (weapon)
Armour
 c - a +0 scale mail (worn)
 d - a +0 buckler (worn)
Jewellery
 k - a +3 ring of strength
 l - a +3 ring of dexterity
Wands
 h - a wand of roots (10)
Scrolls
 j - 2 scrolls of blinking
Potions
 b - a potion of might
 e - 5 potions of curing
 f - 3 potions of heal wounds
 g - a potion of haste
 i - a potion of berserk rage


   Skills:
 + Level 9.6 Fighting
 * Level 12.6 Polearms
 + Level 9.6 Armour
 - Level 3.6 Shields


You had 5 spell levels left.
You didn't know any spells.
Your spell library was empty.

Dungeon Overview and Level Annotations

Branches:
Dungeon (1/1)

Altars:
Cheibriados
Dithmenos
Elyvilon
Fedhas
Gozag
Hepliaklqana
Kikubaaqudgha
Makhleb
Nemelex Xobeh
Okawaru
Qazlal
Ru
Sif Muna
Trog
Uskayaw
Vehumet
Wu Jian
Xom
Yredelemnul
Zin
The Shining One
Jiyva
Lugonu


Innate Abilities, Weirdness & Mutations

You have a pair of horns on your head.
You reflexively headbutt those who attack you in melee.


Message History

Your Fighting skill increases to level 8!
Your Polearms skill gained 2 levels and is now at level 11!
Your Armour skill increases to level 8!
You have reached level 6!
You hit the yak. Your headbutt misses the yak.
The yak is lightly wounded.
The yak closely misses you.
You hit the yak.
The yak is lightly wounded.
You hit the yak.
The yak is moderately wounded.
You block the yak's attack.
You puncture the yak!
The yak is heavily wounded.
The yak gores you but does no damage.
You puncture the yak!
The yak is almost dead.
The yak closely misses you. You furiously retaliate!
You headbutt the yak. You puncture the yak!
You kill the yak!
Your Fighting skill increases to level 9!
Your Polearms skill increases to level 12!
Your Armour skill increases to level 9!
There is an open door to the Dungeon, spattered with blood here.
You see here 333 gold pieces.
You hit the two-headed ogre but do no damage.
Your headbutt misses the two-headed ogre.
You puncture the two-headed ogre!
The two-headed ogre is moderately wounded.
You block the two-headed ogre's attack.
The two-headed ogre hits you with a +0 giant spiked club!
* * * LOW HITPOINT WARNING * * *
You hit the two-headed ogre but do no damage.
You headbutt the two-headed ogre.
The two-headed ogre is moderately wounded.
You hit the two-headed ogre but do no damage.
The two-headed ogre is moderately wounded.
The two-headed ogre hits you with a +0 giant club!!
You die...
Your body crumbles into a pile of gold. ▓▓▓▓▓▓▓▓▓▓▓▓▓▓▓▓▓▓▓▓▓▓▓▓ ______'!?).[[[..@ODyk..+ ▓▓▓▓▓▓▓▓▓▓▓▓▓▓▓▓▓▓▓▓▓▓▓▓

You could see a two-headed ogre, a wyvern, an acid dragon and a vampire mosquito.

Vanquished Creatures
  A wyvern (D)
  A yak (D)
  An ice beast (D)
  An ogre (D)
  An ufetubus (D)
  An orc (D)
  An endoplasm (D)
  A jackal (D)
  2 kobolds (D)
  A goblin (D)
  A rat (D)
12 creatures vanquished.

Notes
Turn   | Place    | Note
-------+----------+-------------------------------------------
     0 | D        | Heoruswealwe the Minotaur Fighter began the quest for the
                  | Orb.
     0 | D        | Reached XP level 1. HP: 19/19 MP: 0/0
     7 | D        | Reached skill level 3 in Polearms
    27 | D        | Noticed an ogre
    27 | D        | Noticed an ice beast
    32 | D        | Killed an ogre
    33 | D        | Reached skill level 7 in Polearms
    33 | D        | Reached XP level 2. HP: 30/30 MP: 1/1
    33 | D        | Reached XP level 3. HP: 37/37 MP: 2/2
    33 | D        | Reached XP level 4. HP: 44/44 MP: 3/3
    46 | D        | Killed an ice beast
    47 | D        | Reached skill level 9 in Polearms
    47 | D        | Reached XP level 5. HP: 42/52 MP: 4/4
    59 | D        | Found a snail-covered altar of Cheibriados.
    59 | D        | Found a shadowy altar of Dithmenos.
    59 | D        | Found a white marble altar of Elyvilon.
    59 | D        | Found a blossoming altar of Fedhas.
    59 | D        | Found an opulent altar of Gozag.
    60 | D        | Found a hazy altar of Hepliaklqana.
    61 | D        | Found a viscous altar of Jiyva.
    62 | D        | Found an ancient bone altar of Kikubaaqudgha.
    63 | D        | Found a corrupted altar of Lugonu.
    64 | D        | Found a burning altar of Makhleb.
    65 | D        | Found a sparkling altar of Nemelex Xobeh.
    66 | D        | Found an iron altar of Okawaru.
    67 | D        | Became a worshipper of Gozag Ym Sagoz the Greedy
    68 | D        | Found a stormy altar of Qazlal.
    69 | D        | Found a sacrificial altar of Ru.
    70 | D        | Found a shimmering blue altar of Sif Muna.
    71 | D        | Found a bloodstained altar of Trog.
    72 | D        | Found a hide-covered altar of Uskayaw.
    73 | D        | Found a radiant altar of Vehumet.
    74 | D        | Found an ornate altar of the Wu Jian Council.
    75 | D        | Found a shimmering altar of Xom.
    76 | D        | Found a basalt altar of Yredelemnul.
    77 | D        | Found a glowing silver altar of Zin.
    78 | D        | Found a glowing golden altar of the Shining One.
   103 | D        | Noticed a wyvern
   103 | D        | Noticed a yak
   103 | D        | Noticed an acid dragon
   103 | D        | Noticed a vampire mosquito
   103 | D        | Noticed a two-headed ogre
   103 | D        | Noticed a wyvern
   109 | D        | Killed a wyvern
   110 | D        | Reached skill level 11 in Polearms
   110 | D        | Reached XP level 6. HP: 17/62 MP: 5/5
   115 | D        | Killed a yak
   116 | D        | Reached skill level 12 in Polearms
   120 | D        | Mangled by a two-headed ogre

Illustrated notes

Levels and vault maps discovered:
D:        linesprint [early_d, line_temple, items_1, d_10, items_2, lair_1,
          lair_end, items_3, orc_1, orc_end, items_4, d_15, swamp_1, shoals_1,
          snake_1, spider_1, d_20, vaults_1, items_5, swamp_end, shoals_end,
          snake_end, spider_end, vaults_end, d_27, items_6, zot_1, zot_end,
          crypt_end, forest_end, elf_end, slime_end, tomb_end, abyss_end,
          pan_hell_end]

Skill      XL: |  1  2  3  4  5  6 |
---------------+-------------------+-----
Polearms       | 7 9 11 12 | 12.6
Fighting       | 6 7 8 9 |  9.6
Armour         | 6 7 8 9 |  9.6
Shields        | |  3.6

Action                     |  1- 3 |  4- 6 || total
---------------------------+-------+-------++-------
  Melee: Trident           |    19 |    34 ||    53
         Headbutt          |     1 |     3 ||     4
 Armour: Scale mail        |     7 |    16 ||    23
  Dodge: Dodged            |     7 |     7 ||    14
  Block: Buckler           |     4 |     8 ||    12
